 Dungeon Crawl Stone Soup version 0.27-a0-1189-gb8eb6cee8e (webtiles) character file.

Game seed: 855592394360806585

79 senseless the Skirmisher (level 2, -3/25 HPs)
             Began as a Demonspawn Monk on May 22, 2021.
             Was a Believer of Ru.
             Slain by a worm (8 damage)
             ... on level 2 of the Dungeon.
             The game lasted 00:06:15 (2334 turns).

senseless the Skirmisher (Demonspawn Monk)          Turns: 2334, Time: 00:06:15

Health: -3/25      AC:  2    Str: 12    XL:     2   Next: 17%
Magic:  2/2        EV: 13    Int: 11    God:    Ru [**....]
Gold:   100        SH:  0    Dex: 15    Spells: 1/1 levels left

rFire    . . .     SeeInvis .     - Unarmed
rCold    . . .     Faith    .   (no shield)
rNeg     . . .     Spirit   .   a - +0 robe
rPois    .         Reflect  .   (no helmet)
rElec    .         Harm     .   (no cloak)
rCorr    .         Rampage  .   (no gloves)
Will     +....                  (no boots)
Stlth    ++........             (no amulet)
HPRegen  0.08/turn              e - ring of willpower
MPRegen  0.08/turn              (no ring)

@: no status effects
A: hooves 1, inexperienced 1
a: Renounce Religion


You were on level 2 of the Dungeon.
You worshipped Ru.
Ru was pleased with you.
You visited 1 branch of the dungeon, and saw 2 of its levels.

You collected 100 gold pieces.

Inventory:

Armour
 a - a +0 robe (worn)
Jewellery
 c - a ring of protection from cold
 e - a ring of willpower (left hand)
Scrolls
 d - a scroll of immolation {unknown}
 g - a scroll of identify
 h - a scroll of teleportation {unknown}
 i - 2 scrolls of enchant armour {unknown}
 j - a scroll of enchant weapon {unknown}
Potions
 b - a potion of cancellation
 f - a potion of haste


   Skills:
 * Level 4.1 Fighting
 + Level 3.2 Dodging
 - Level 1.7 Stealth
 + Level 3.2 Unarmed Combat


You had one spell level left.
You didn't know any spells.
Your spell library was empty.

Dungeon Overview and Level Annotations

Branches:
Dungeon (2/15)

Altars:
Dithmenos
Ru


Innate Abilities, Weirdness & Mutations

You have large cloven feet.
You are somewhat inexperienced. (-2 XL)


Message History

The adder poisons you!
You barely miss the adder.
The adder is severely wounded.
You feel sick. The adder bites you but does no damage.
You miss the adder.
The adder is severely wounded.
You feel sick.
You redirect the adder's attack!
The adder barely misses itself.
You miss the adder. You kick the adder, but do no damage.
Your punch misses the adder.
The adder is severely wounded.
You feel sick. The giant cockroach bites you. The adder barely misses you.
The giant cockroach misses you.
You closely miss the adder.
The adder is severely wounded.
You feel sick. The adder bites you.
* * * LOW HITPOINT WARNING * * *
The giant cockroach bites you but does no damage.
The adder is stunned by your conviction and fails to attack.
You feel sick.
You barely miss the adder. You kick the adder.
You kill the adder!
You feel sick.
You barely miss the giant cockroach. You kick the giant cockroach.
The giant cockroach is heavily wounded.
You feel sick.
You are no longer poisoned.
The giant cockroach bites you but does no damage.
You completely miss the giant cockroach.
The giant cockroach is heavily wounded.
The giant cockroach bites you but does no damage.
You hit the giant cockroach.
You kill the giant cockroach!
You barely miss the worm. You kick the worm.
The worm is lightly wounded.
You hit the worm. You kick the worm.
The worm is heavily wounded.
The worm bites you!
You die...

..# #.# #.# #.# #.# #.#
####.#####.##
#...........######
+...........+.....
#....(......##.### #
#.................
#####.##@..........##....
.......w###.#########.###
#####.#..##.# .... #
##.##.# ###... w.#.#
....# #.#.# #.... ....
..... #.# ..


You could see a worm.

Vanquished Creatures
  2 adders (D:2)
  A gnoll (D:1)
  A dart slug (D:2)
  5 endoplasms (D:1)
  5 giant cockroaches
  6 goblins
  3 hobgoblins
  2 jackals (D:1)
  2 ball pythons
  2 bats
  2 frilled lizards (D:1)
  7 kobolds
  9 rats (D:1)
47 creatures vanquished.

Notes
Turn   | Place    | Note
-------+----------+-------------------------------------------
     0 | D:1      | senseless the Demonspawn Monk began the quest for the Orb.
     0 | D:1      | Reached XP level 1. HP: 18/18 MP: 1/1
   458 | D:1      | Gained mutation: You have large cloven feet. [demonic
                  | ancestry]
   458 | D:1      | Reached XP level 2. HP: 23/24 MP: 2/2
   948 | D:1      | Reached XP level 3. HP: 3/30 MP: 3/3
  1379 | D:1      | Found a faded altar of an unknown god.
  1385 | D:1      | Became a worshipper of Ru the Awakened
  1404 | D:1      | Gained mutation: You are somewhat inexperienced. (-2 XL)
                  | [Ru sacrifice]
  1404 | D:1      | Reached XP level 2. HP: 25/25 MP: 2/2
  1404 | D:1      | Reached XP level 1. HP: 19/19 MP: 1/1
  1404 | D:1      | Reached * piety under Ru
  1404 | D:1      | Reached ** piety under Ru
  1715 | D:2      | Found a shadowy altar of Dithmenos.
  1869 | D:2      | Reached skill level 4 in Fighting
  1879 | D:2      | Reached XP level 2. HP: 9/25 MP: 2/2
  2334 | D:2      | Slain by a worm

Illustrated notes

Levels and vault maps discovered:
D:1:      dpeg_arrival_stonehenge_8_columns, layout_basic,
          basic_ecumenical_altar, minmay_rat_gold_closets
D:2:      layout_basic, basic_altar, uniq_crazy_yiuf_cottage

Skill      XL: |  1  2 |
---------------+-------+-----
Unarmed Combat | 3 |  3.2
Dodging        | 3 |  3.2
Fighting       | 4 |  4.1
Stealth        | |  1.7

Action                   || total
-------------------------++-------
Melee: Unarmed           ||   137
       Kick              ||    23
       Punch             ||     2
Invok: Sacrifice Experie ||     1
  Use: Potion            ||     2
       Scroll            ||     1
 Stab: Sleeping          ||     4
Armor: Robe              ||    12
       Skin              ||     4
Dodge: Dodged            ||    72

Table legend: (Time is in decaauts)
 A = Elapsed time spent in this place.
 B = Non-inter-level travel time spent in this place.
 C = Inter-level travel time spent in this place.
 D = Time resting spent in this place.
 E = Time spent auto-exploring this place.
 F = Levels seen in this place.
 G = Mean time per level.
                   A        B        C        D        E       F      G
               +--------+--------+--------+--------+--------+-----+--------+
         Total |   2314 |   2291 |     23 |    274 |   1731 |   2 | 1157.0 |
       Dungeon |   2314 |   2291 |     23 |    274 |   1731 |   2 | 1157.0 |
               +--------+--------+--------+--------+--------+-----+--------+

Top non-repeatable levels by time:
     D:1: 1709 daAuts
     D:2: 604 daAuts
